Panthers vs Jets

Created - March 28, 2017 at 17:33

Goals
1 2 3 T
Panthers 2 1 0 3
Jets 0 1 0 1
Shots
1 2 3 T
Panthers 8 9 9 26
Jets 7 9 11 27

1st period

1. Panthers , Patrick Kane 43 (T.J. Brodie, Nikolaj Ehlers) at 1:20 (PP)
2. Panthers , Patrick Kane 44 (Nikolaj Ehlers, Matt Duchene) at 5:27

Penalties :
Nick Holden (WPG) for Hooking (Minor) at 0:27, Hampus Lindholm (WPG) for Hooking (Minor) at 1:03, Nick Holden (WPG) for Interference (Minor) at 8:43

2nd period

3. Panthers , Mikkel Boedker 14 (Alex Tanguay, Danny DeKeyser) at 4:00
4. Jets , Braydon Coburn 4 (Jaromir Jagr, Jamie Benn) at 13:16

Penalties :
Joe Pavelski (WPG) for Holding (Minor) at 1:47, Jamie Benn (WPG) for Holding (Minor) at 15:43

3rd period

No Goal

Penalties :
Justin Braun (FLA) for Diving (Minor) at 3:57, Pavel Datsyuk (FLA) for Slashing (Minor) at 7:40, Joe Colborne (WPG) for Hooking (Minor) at 11:22

Goalie Stats

Marc-Andre Fleury (FLA), 26 saves from 27 shots - (0.963), W, 41-22-4, 60:00 minutes
Anders Nilsson (WPG), 7 saves from 10 shots - (0.700), L, 2-4-1, 24:00 minutes
Cory Schneider (WPG), 16 saves from 16 shots - (1.000), 36:00 minutes

Players Stats for Panthers

Player Name              G  A  P  +/- PIM S  H  SB GA TA FO     MP     PP MP  PK MP  
------------------------------------------------------------------------------------
Alex Tanguay             0  1  1   1  0   0  0  0  0  0  0/1    10:07   0:00   0:00 
Artem Anisimov           0  0  0   1  0   3  1  0  0  0  6/9    11:25   0:00   1:18 
Danny DeKeyser           0  1  1   1  0   0  1  2  0  0  0/0    12:35   0:00   0:00 
Jacob Trouba             0  0  0   0  0   2  0  0  0  0  0/0    25:15   5:59   2:14 
Jesper Fast              0  0  0   0  0   0  1  0  0  0  0/0     4:58   0:00   2:35 
Joe Thornton             0  0  0   0  0   2  3  1  0  0  14/30  21:34   5:47   0:00 
Justin Braun             0  0  0   0  2   0  2  3  0  0  0/0    21:15   4:32   0:50 
Matt Duchene             0  1  1   0  0   1  3  0  0  0  11/23  21:58   4:44   0:00 
Mikkel Boedker           1  0  1   1  0   2  0  0  0  0  0/1    10:07   0:00   0:00 
Nikolaj Ehlers           0  2  2   0  0   2  1  0  0  0  1/1    21:58   4:44   0:00 
Patrick Kane             2  0  2   0  0   6  1  0  0  0  3/4    23:16   4:44   1:18 
Pavel Datsyuk            0  0  0   0  2   4  0  0  0  0  0/0    21:38   5:47   0:05 
Pierre-Edouard Bellemare 0  0  0   0  0   0  0  0  0  0  2/7     4:58   0:00   2:35 
Reid Boucher             0  0  0   0  0   1  0  0  0  0  0/0     2:28   0:00   0:05 
T.J. Brodie              0  1  1   0  0   0  0  1  0  0  0/0    25:15   5:59   2:14 
Trevor van Riemsdyk      0  0  0   1  0   0  0  1  0  0  0/0    13:29   0:00   0:54 
Tyler Myers              0  0  0   0  0   1  1  1  0  0  0/0    22:10   4:32   1:44 
Vladimir Tarasenko       0  0  0   0  0   2  0  0  0  0  0/1    21:34   5:47   0:00 

Players Stats for Jets

Player Name              G  A  P  +/- PIM S  H  SB GA TA FO     MP     PP MP  PK MP  
------------------------------------------------------------------------------------
Ben Lovejoy              0  0  0   0  0   0  1  0  0  0  0/0    20:15   0:00   5:09 
Braydon Coburn           1  0  1   0  0   2  0  2  0  0  0/0    11:01   0:00   0:00 
Brock Nelson             0  0  0  -2  0   1  0  0  0  0  0/1    14:31   0:00   1:10 
Cam Atkinson             0  0  0  -2  0   1  0  0  0  0  0/1    19:51   1:52   2:07 
Frans Nielsen            0  0  0   1  0   5  0  0  0  0  12/17  17:49   1:52   2:07 
Hampus Lindholm          0  0  0  -1  2   0  0  3  0  0  0/0    25:38   1:43   4:31 
Jamie Benn               0  1  1   1  2   2  3  0  0  0  1/2    21:23   2:06   5:28 
Jaromir Jagr             0  1  1   1  0   2  0  0  0  0  2/4    18:10   2:06   2:14 
Joe Colborne             0  0  0   0  2   0  0  0  0  0  0/0     3:30   0:00   0:00 
Joe Pavelski             0  0  0   0  2   4  0  0  0  0  3/4    17:54   2:06   0:00 
Jonas Brodin             0  0  0   0  0   0  0  0  0  0  0/0     0:24   0:00   0:24 
Mika Zibanejad           0  0  0   0  0   0  0  0  0  0  9/20   14:49   0:00   0:00 
Mike Cammalleri          0  0  0   0  0   4  0  0  0  0  0/0    16:53   1:52   0:12 
Nick Holden              0  0  0  -1  4   0  2  1  0  0  0/0    21:38   1:43   3:48 
Radek Faksa              0  0  0   0  0   0  1  0  0  0  7/15   10:58   0:00   7:27 
Radko Gudas              0  0  0   0  0   1  2  0  0  0  0/0    21:40   2:15   5:09 
Rickard Rakell           0  0  0  -2  0   4  0  0  0  0  6/13   13:21   0:00   0:00 
Tobias Enstrom           0  0  0   0  0   1  0  2  0  0  0/0    19:21   2:15   2:00 

3 Stars

1 - Patrick Kane (FLA)
2 - Marc-Andre Fleury (FLA)
3 - Mikkel Boedker (FLA)

Power Play

Panthers - 1 on 6 Attempt(s) - 16.67%
Jets - 0 on 2 Attempt(s) - 0.00%

Penalty Kill

Panthers - 2 on 2 Attempt(s) - 100.00% - Score 0 goal in Penalty Kill
Jets - 5 on 6 Attempt(s) - 83.33% - Score 0 goal in Penalty Kill

Team Stat

Panthers - Hits : 14 - Faceoff Wins : 37 - Blocked Shots : 9 - Penalty Minutes : 4
Jets - Hits : 9 - Faceoff Wins : 40 - Blocked Shots : 8 - Penalty Minutes : 12

Official

Referees : Mike Leggo and Ghislain Hebert
Linesman : Bryan Pancich and Steve Miller

Game Notes

Cory Schneider enters game at 4:00 of 2nd period
Rickard Rakell is injured at 18:47 of 3rd period (Sports Hernia)

Finance

Level 1 -- Attendance: 6000 (100.00%) -- Ticket Income $588,000
Level 2 -- Attendance: 4653 (93.06%) -- Ticket Income $358,281
Level 3 -- Attendance: 1999 (90.86%) -- Ticket Income $143,928
Level 4 -- Attendance: 1016 (100.00%) -- Ticket Income $67,056
Luxury Box -- Attendance: 756 (94.50%) -- Ticket Income $173,880
Game was played at the MTS Center.
Total Attendance: 14424 (96.06%)
Total Ticket Income: $1,331,145
Other Income: $199,672
Total Income: $1,530,817

% Time on Ice - Panthers

Lines # - Real PCT - Wanted PCT - Time Play
Normal Forward
1 - 38% - 38% - 17:14
2 - 35% - 35% - 15:47
3 - 22% - 22% - 10:07
4 - 5% - 5% - 2:23
Normal Defense
1 - 37% - 40% - 17:02
2 - 35% - 35% - 15:54
3 - 28% - 25% - 12:35
4 - 0% - 0% - 0:00
PP Forward
1 - 45% - 50% - 4:44
2 - 55% - 50% - 5:47
PP Defense
1 - 57% - 60% - 5:59
2 - 43% - 40% - 4:32
PK Forward
1 - 67% - 60% - 2:40
2 - 33% - 40% - 1:18
PK Defense
1 - 56% - 60% - 2:14
2 - 44% - 40% - 1:44
PK3 Forward
1 - 0% - 60%
2 - 0% - 40%
PK3 Defense
1 - 0% - 60%
2 - 0% - 40%
44 Forward
1 - 0% - 60%
2 - 0% - 40%
44 Defense
1 - 0% - 60%
2 - 0% - 40%
Last Minute Offensive  - 0:00
Last Minute Defensive  - 0:00
Total
Forward - 60:00
Defense - 60:00

% Time on Ice - Jets

Lines # - Real PCT - Wanted PCT - Time Play
Normal Forward
1 - 33% - 33% - 14:49
2 - 30% - 30% - 13:50
3 - 29% - 28% - 13:21
4 - 8% - 9% - 3:31
Normal Defense
1 - 35% - 34% - 16:09
2 - 33% - 32% - 15:06
3 - 24% - 23% - 11:01
4 - 7% - 11% - 3:15
PP Forward
1 - 53% - 63% - 2:06
2 - 47% - 37% - 1:52
PP Defense
1 - 43% - 70% - 1:43
2 - 57% - 30% - 2:15
PK Forward
1 - 79% - 65% - 8:07
2 - 21% - 35% - 2:07
PK Defense
1 - 52% - 60% - 5:22
2 - 48% - 40% - 4:52
PK3 Forward
1 - 100% - 70% - 0:17
2 - 0% - 30% - 0:00
PK3 Defense
1 - 0% - 60% - 0:00
2 - 100% - 40% - 0:17
44 Forward
1 - 0% - 50%
2 - 0% - 50%
44 Defense
1 - 0% - 51%
2 - 0% - 49%
Last Minute Offensive  - 0:00
Last Minute Defensive  - 0:00
Total
Forward - 60:00
Defense - 60:00

Play by Play

1st period


0:01 of 1st period - Nikolaj Ehlers wins face-off versus Mika Zibanejad in neutral zone.
0:27 of 1st period - Minor Penalty to Nick Holden for Hooking.
0:28 of 1st period - Joe Thornton wins face-off versus Radek Faksa in Jets zone.
1:03 of 1st period - Minor Penalty to Hampus Lindholm for Hooking.
1:04 of 1st period - Radek Faksa wins face-off versus Matt Duchene in Jets zone.
1:20 of 1st period - Shot by Patrick Kane.
1:20 of 1st period - Goal by Patrick Kane - Panthers : 1 - Jets : 0.
1:21 of 1st period - Patrick Kane wins face-off versus Radek Faksa in neutral zone.
1:26 of 1st period - Shot by T.J. Brodie.
1:26 of 1st period - Shot Misses the Net.
1:42 of 1st period - Shot by Patrick Kane.
1:42 of 1st period - Shot Misses the Net.
1:54 of 1st period - Shot by T.J. Brodie.
1:54 of 1st period - Shot Misses the Net.
1:56 of 1st period - Shot by Matt Duchene.
1:56 of 1st period - Shot Misses the Net.
1:58 of 1st period - Shot by Patrick Kane.
1:58 of 1st period - Shot Blocked by Nick Holden.
2:36 of 1st period - Shot by Tyler Myers.
2:36 of 1st period - Stopped by Anders Nilsson without a rebound.
2:37 of 1st period - Radek Faksa wins face-off versus Matt Duchene in Jets zone.
3:00 of 1st period - Shot by Jacob Trouba.
3:00 of 1st period - Stopped by Anders Nilsson without a rebound.
3:01 of 1st period - Frans Nielsen wins face-off versus Vladimir Tarasenko in Jets zone.
3:10 of 1st period - Shot by Joe Pavelski.
3:10 of 1st period - Shot Misses the Net.
3:26 of 1st period - Shot by Alex Tanguay.
3:26 of 1st period - Deflect By Artem Anisimov.
3:26 of 1st period - Stopped by Anders Nilsson with a rebound.
3:28 of 1st period - Shot by Artem Anisimov.
3:28 of 1st period - Shot Misses the Net.
3:48 of 1st period - Joe Pavelski is hit by Artem Anisimov and loses puck.
3:59 of 1st period - Shot by Joe Thornton.
3:59 of 1st period - Stopped by Anders Nilsson without a rebound.
4:00 of 1st period - Rickard Rakell wins face-off versus Joe Thornton in Jets zone.
4:04 of 1st period - Off-side.
4:05 of 1st period - Frans Nielsen wins face-off versus Joe Thornton in neutral zone.
4:10 of 1st period - Shot by Jaromir Jagr.
4:10 of 1st period - Stopped by Marc-Andre Fleury without a rebound.
4:11 of 1st period - Frans Nielsen wins face-off versus Joe Thornton in Panthers zone.
4:46 of 1st period - Joe Thornton is hit by Ben Lovejoy and loses puck.
5:27 of 1st period - Shot by Patrick Kane.
5:27 of 1st period - Goal by Patrick Kane - Panthers : 2 - Jets : 0.
5:28 of 1st period - Mika Zibanejad wins face-off versus Artem Anisimov in neutral zone.
5:31 of 1st period - Shot by Joe Pavelski.
5:31 of 1st period - Stopped by Marc-Andre Fleury without a rebound.
5:32 of 1st period - Rickard Rakell wins face-off versus Matt Duchene in Panthers zone.
5:37 of 1st period - Shot by Cam Atkinson.
5:37 of 1st period - Shot Blocked by Justin Braun.
5:48 of 1st period - Off-side.
5:49 of 1st period - Artem Anisimov wins face-off versus Mika Zibanejad in neutral zone.
6:01 of 1st period - Icing by Nick Holden.
6:02 of 1st period - Mika Zibanejad wins face-off versus Patrick Kane in Jets zone.
7:04 of 1st period - Off-side.
7:05 of 1st period - Artem Anisimov wins face-off versus Rickard Rakell in neutral zone.
7:34 of 1st period - Shot by Alex Tanguay.
7:34 of 1st period - Shot Blocked by Tobias Enstrom.
7:36 of 1st period - Shot by Danny DeKeyser.
7:36 of 1st period - Deflect By Artem Anisimov.
7:36 of 1st period - Stopped by Anders Nilsson with a rebound.
7:38 of 1st period - Shot by Danny DeKeyser.
7:38 of 1st period - Shot Misses the Net.
8:06 of 1st period - Shot by Frans Nielsen.
8:06 of 1st period - Shot Blocked by T.J. Brodie.
8:08 of 1st period - Shot by Frans Nielsen.
8:08 of 1st period - Stopped by Marc-Andre Fleury without a rebound.
8:09 of 1st period - Matt Duchene wins face-off versus Frans Nielsen in Panthers zone.
8:32 of 1st period - Icing by Patrick Kane.
8:33 of 1st period - Mika Zibanejad wins face-off versus Matt Duchene in Panthers zone.
8:38 of 1st period - Shot by Joe Pavelski.
8:38 of 1st period - Shot Misses the Net.
8:43 of 1st period - Minor Penalty to Nick Holden for Interference.
8:44 of 1st period - Radek Faksa wins face-off versus Joe Thornton in Jets zone.
8:44 of 1st period - Radek Faksa is hit by Joe Thornton.
10:49 of 1st period - Shot by Jesper Fast.
10:49 of 1st period - Shot Misses the Net.
10:59 of 1st period - Shot by Reid Boucher.
10:59 of 1st period - Shot Misses the Net.
11:01 of 1st period - Shot by Pierre-Edouard Bellemare.
11:01 of 1st period - Shot Misses the Net.
11:03 of 1st period - Shot by Pierre-Edouard Bellemare.
11:03 of 1st period - Shot Blocked by Braydon Coburn.
11:21 of 1st period - Shot by Reid Boucher.
11:21 of 1st period - Shot Blocked by Braydon Coburn.
11:46 of 1st period - Off-side.
11:47 of 1st period - Matt Duchene wins face-off versus Frans Nielsen in neutral zone.
13:57 of 1st period - Icing by Radko Gudas.
13:58 of 1st period - Matt Duchene wins face-off versus Mika Zibanejad in Jets zone.
15:40 of 1st period - Icing by Trevor van Riemsdyk.
15:41 of 1st period - Frans Nielsen wins face-off versus Artem Anisimov in Panthers zone.
15:46 of 1st period - Shot by Jaromir Jagr.
15:46 of 1st period - Shot Misses the Net.
16:00 of 1st period - Jaromir Jagr is hit by Jesper Fast and loses puck.
16:27 of 1st period - Shot by Reid Boucher.
16:27 of 1st period - Stopped by Anders Nilsson without a rebound.
16:28 of 1st period - Joe Thornton wins face-off versus Mika Zibanejad in Jets zone.
17:06 of 1st period - Shot by Mike Cammalleri.
17:06 of 1st period - Stopped by Marc-Andre Fleury without a rebound.
17:07 of 1st period - Matt Duchene wins face-off versus Brock Nelson in Panthers zone.
17:16 of 1st period - Cam Atkinson is hit by Matt Duchene and loses puck.
17:41 of 1st period - Shot by Cam Atkinson.
17:41 of 1st period - Deflect By Rickard Rakell.
17:41 of 1st period - Stopped by Marc-Andre Fleury with a rebound.
17:56 of 1st period - Icing by Matt Duchene.
17:57 of 1st period - Matt Duchene wins face-off versus Frans Nielsen in Panthers zone.
18:39 of 1st period - Shot by Frans Nielsen.
18:39 of 1st period - Stopped by Marc-Andre Fleury without a rebound.
18:40 of 1st period - Mika Zibanejad wins face-off versus Alex Tanguay in Panthers zone.
18:47 of 1st period - Shot by Mike Cammalleri.
18:47 of 1st period - Stopped by Marc-Andre Fleury without a rebound.
18:48 of 1st period - Artem Anisimov wins face-off versus Rickard Rakell in Panthers zone.
19:03 of 1st period - Shot by Artem Anisimov.
19:03 of 1st period - Shot Misses the Net.
19:58 of 1st period - Shot by Jaromir Jagr.
19:58 of 1st period - Shot Misses the Net.
Goals for this period are 2 for Panthers vs 0 for Jets.
Shots for this period are 8 for Panthers vs 7 for Jets.

2nd period


0:01 of 2nd period - Matt Duchene wins face-off versus Cam Atkinson in neutral zone.
0:20 of 2nd period - Shot by Patrick Kane.
0:20 of 2nd period - Shot Hit the Post.
1:35 of 2nd period - Icing by Tobias Enstrom.
1:36 of 2nd period - Frans Nielsen wins face-off versus Mikkel Boedker in Jets zone.
1:40 of 2nd period - Jamie Benn is hit by Danny DeKeyser and loses puck.
1:46 of 2nd period - Icing by Artem Anisimov.
1:47 of 2nd period - Artem Anisimov wins face-off versus Mika Zibanejad in Panthers zone.
1:47 of 2nd period - Minor Penalty to Joe Pavelski for Holding.
1:48 of 2nd period - Matt Duchene wins face-off versus Radek Faksa in Jets zone.
1:53 of 2nd period - Shot by Jacob Trouba.
1:53 of 2nd period - Shot Misses the Net.
2:02 of 2nd period - Icing by Jacob Trouba.
2:03 of 2nd period - Patrick Kane wins face-off versus Radek Faksa in Panthers zone.
2:28 of 2nd period - Hampus Lindholm is hit by Nikolaj Ehlers and loses puck.
2:35 of 2nd period - Shot by T.J. Brodie.
2:35 of 2nd period - Shot Misses the Net.
2:37 of 2nd period - Shot by Jacob Trouba.
2:37 of 2nd period - Shot Misses the Net.
3:05 of 2nd period - Shot by Pavel Datsyuk.
3:05 of 2nd period - Stopped by Anders Nilsson without a rebound.
3:06 of 2nd period - Jaromir Jagr wins face-off versus Joe Thornton in Jets zone.
4:00 of 2nd period - Shot by Mikkel Boedker.
4:00 of 2nd period - Goal by Mikkel Boedker - Panthers : 3 - Jets : 0.
4:00 of 2nd period - Cory Schneider enters game.
4:01 of 2nd period - Mika Zibanejad wins face-off versus Matt Duchene in neutral zone.
4:08 of 2nd period - Shot by Patrick Kane.
4:08 of 2nd period - Stopped by Cory Schneider without a rebound.
4:09 of 2nd period - Matt Duchene wins face-off versus Mika Zibanejad in Jets zone.
4:12 of 2nd period - Shot by Patrick Kane.
4:12 of 2nd period - Shot Blocked by Tobias Enstrom.
4:38 of 2nd period - Shot by Patrick Kane.
4:38 of 2nd period - Stopped by Cory Schneider with a rebound.
6:18 of 2nd period - Alex Tanguay is hit by Jamie Benn and loses puck.
7:29 of 2nd period - Shot by Joe Pavelski.
7:29 of 2nd period - Shot Misses the Net.
7:31 of 2nd period - Shot by Mike Cammalleri.
7:31 of 2nd period - Deflect By Joe Pavelski.
7:31 of 2nd period - Shot Misses the Net.
7:33 of 2nd period - Shot by Mika Zibanejad.
7:33 of 2nd period - Shot Blocked by Danny DeKeyser.
7:58 of 2nd period - Shot by Rickard Rakell.
7:58 of 2nd period - Stopped by Marc-Andre Fleury without a rebound.
7:59 of 2nd period - Radek Faksa wins face-off versus Joe Thornton in Panthers zone.
8:00 of 2nd period - Shot by Cam Atkinson.
8:00 of 2nd period - Shot Misses the Net.
8:18 of 2nd period - Shot by Vladimir Tarasenko.
8:18 of 2nd period - Deflect By Joe Thornton.
8:18 of 2nd period - Shot Misses the Net.
8:20 of 2nd period - Shot by Pavel Datsyuk.
8:20 of 2nd period - Stopped by Cory Schneider with a rebound.
8:22 of 2nd period - Shot by Vladimir Tarasenko.
8:22 of 2nd period - Stopped by Cory Schneider without a rebound.
8:23 of 2nd period - Matt Duchene wins face-off versus Rickard Rakell in Jets zone.
8:51 of 2nd period - Shot by Matt Duchene.
8:51 of 2nd period - Stopped by Cory Schneider without a rebound.
8:52 of 2nd period - Joe Thornton wins face-off versus Mika Zibanejad in Jets zone.
10:32 of 2nd period - Rickard Rakell is hit by Matt Duchene and loses puck.
11:21 of 2nd period - Shot by Radko Gudas.
11:21 of 2nd period - Shot Misses the Net.
11:23 of 2nd period - Shot by Jamie Benn.
11:23 of 2nd period - Shot Blocked by Trevor van Riemsdyk.
11:25 of 2nd period - Shot by Jamie Benn.
11:25 of 2nd period - Deflect By Frans Nielsen.
11:25 of 2nd period - Stopped by Marc-Andre Fleury without a rebound.
11:26 of 2nd period - Mika Zibanejad wins face-off versus Joe Thornton in Panthers zone.
12:03 of 2nd period - Shot by Joe Pavelski.
12:03 of 2nd period - Shot Misses the Net.
12:22 of 2nd period - Off-side.
12:23 of 2nd period - Pierre-Edouard Bellemare wins face-off versus Rickard Rakell in neutral zone.
12:34 of 2nd period - Shot by Nick Holden.
12:34 of 2nd period - Shot Misses the Net.
12:36 of 2nd period - Shot by Nick Holden.
12:36 of 2nd period - Shot Blocked by Danny DeKeyser.
13:02 of 2nd period - Shot by Cam Atkinson.
13:02 of 2nd period - Stopped by Marc-Andre Fleury without a rebound.
13:03 of 2nd period - Jamie Benn wins face-off versus Matt Duchene in Panthers zone.
13:04 of 2nd period - Shot by Frans Nielsen.
13:04 of 2nd period - Stopped by Marc-Andre Fleury with a rebound.
13:06 of 2nd period - Shot by Braydon Coburn.
13:06 of 2nd period - Stopped by Marc-Andre Fleury with a rebound.
13:14 of 2nd period - Shot by Jaromir Jagr.
13:14 of 2nd period - Shot Misses the Net.
13:16 of 2nd period - Shot by Braydon Coburn.
13:16 of 2nd period - Goal by Braydon Coburn - Panthers : 3 - Jets : 1.
13:17 of 2nd period - Joe Thornton wins face-off versus Mika Zibanejad in neutral zone.
14:17 of 2nd period - Shot by Nikolaj Ehlers.
14:17 of 2nd period - Stopped by Cory Schneider with a rebound.
15:16 of 2nd period - Danny DeKeyser is hit by Jamie Benn and loses puck.
15:21 of 2nd period - Shot by Jamie Benn.
15:21 of 2nd period - Deflect By Jaromir Jagr.
15:21 of 2nd period - Stopped by Marc-Andre Fleury without a rebound.
15:22 of 2nd period - Mika Zibanejad wins face-off versus Pierre-Edouard Bellemare in Panthers zone.
15:33 of 2nd period - Shot by Joe Pavelski.
15:33 of 2nd period - Stopped by Marc-Andre Fleury without a rebound.
15:34 of 2nd period - Joe Thornton wins face-off versus Frans Nielsen in Panthers zone.
15:34 of 2nd period - Joe Thornton is hit by Jamie Benn.
15:43 of 2nd period - Minor Penalty to Jamie Benn for Holding.
15:44 of 2nd period - Joe Thornton wins face-off versus Jaromir Jagr in Jets zone.
15:58 of 2nd period - Icing by T.J. Brodie.
15:59 of 2nd period - Radek Faksa wins face-off versus Joe Thornton in Panthers zone.
16:23 of 2nd period - Shot by Vladimir Tarasenko.
16:23 of 2nd period - Stopped by Cory Schneider without a rebound.
16:24 of 2nd period - Jaromir Jagr wins face-off versus Matt Duchene in Jets zone.
18:17 of 2nd period - Shot by Mike Cammalleri.
18:17 of 2nd period - Stopped by Marc-Andre Fleury without a rebound.
18:18 of 2nd period - Joe Thornton wins face-off versus Jaromir Jagr in Panthers zone.
19:16 of 2nd period - Icing by T.J. Brodie.
19:17 of 2nd period - Rickard Rakell wins face-off versus Joe Thornton in Panthers zone.
Goals for this period are 1 for Panthers vs 1 for Jets.
Shots for this period are 9 for Panthers vs 9 for Jets.

3rd period


0:01 of 3rd period - Patrick Kane wins face-off versus Rickard Rakell in neutral zone.
0:18 of 3rd period - Shot by T.J. Brodie.
0:18 of 3rd period - Shot Misses the Net.
0:20 of 3rd period - Shot by Patrick Kane.
0:20 of 3rd period - Shot Blocked by Hampus Lindholm.
0:22 of 3rd period - Shot by Patrick Kane.
0:22 of 3rd period - Shot Misses the Net.
0:24 of 3rd period - Shot by T.J. Brodie.
0:24 of 3rd period - Shot Blocked by Hampus Lindholm.
0:26 of 3rd period - Shot by Jacob Trouba.
0:26 of 3rd period - Shot Misses the Net.
0:28 of 3rd period - Shot by Jacob Trouba.
0:28 of 3rd period - Stopped by Cory Schneider without a rebound.
0:29 of 3rd period - Joe Thornton wins face-off versus Jamie Benn in Jets zone.
0:42 of 3rd period - Shot by Pavel Datsyuk.
0:42 of 3rd period - Shot Misses the Net.
1:43 of 3rd period - Shot by Rickard Rakell.
1:43 of 3rd period - Stopped by Marc-Andre Fleury without a rebound.
1:44 of 3rd period - Artem Anisimov wins face-off versus Mika Zibanejad in Panthers zone.
1:49 of 3rd period - Shot by Joe Pavelski.
1:49 of 3rd period - Stopped by Marc-Andre Fleury with a rebound.
2:11 of 3rd period - Shot by Artem Anisimov.
2:11 of 3rd period - Deflect By Mikkel Boedker.
2:11 of 3rd period - Stopped by Cory Schneider without a rebound.
2:12 of 3rd period - Matt Duchene wins face-off versus Rickard Rakell in Jets zone.
2:54 of 3rd period - Matt Duchene is hit by Nick Holden.
3:17 of 3rd period - Hampus Lindholm is hit by Justin Braun and loses puck.
3:57 of 3rd period - Minor Penalty to Justin Braun for Diving.
3:58 of 3rd period - Pierre-Edouard Bellemare wins face-off versus Joe Pavelski in Panthers zone.
4:51 of 3rd period - Off-side.
4:52 of 3rd period - Frans Nielsen wins face-off versus Pierre-Edouard Bellemare in neutral zone.
5:07 of 3rd period - Shot by Frans Nielsen.
5:07 of 3rd period - Shot Misses the Net.
5:41 of 3rd period - Shot by Joe Pavelski.
5:41 of 3rd period - Shot Hit the Post.
5:43 of 3rd period - Shot by Radko Gudas.
5:43 of 3rd period - Stopped by Marc-Andre Fleury without a rebound.
5:44 of 3rd period - Joe Pavelski wins face-off versus Pierre-Edouard Bellemare in Panthers zone.
5:56 of 3rd period - Icing by Jamie Benn.
5:57 of 3rd period - Matt Duchene wins face-off versus Rickard Rakell in Jets zone.
6:02 of 3rd period - Shot by Patrick Kane.
6:02 of 3rd period - Stopped by Cory Schneider without a rebound.
6:03 of 3rd period - Frans Nielsen wins face-off versus Matt Duchene in Jets zone.
6:21 of 3rd period - Shot by Frans Nielsen.
6:21 of 3rd period - Stopped by Marc-Andre Fleury with a rebound.
6:25 of 3rd period - Shot by Jaromir Jagr.
6:25 of 3rd period - Shot Misses the Net.
7:09 of 3rd period - Shot by Rickard Rakell.
7:09 of 3rd period - Stopped by Marc-Andre Fleury without a rebound.
7:10 of 3rd period - Mika Zibanejad wins face-off versus Artem Anisimov in Panthers zone.
7:38 of 3rd period - Shot by Artem Anisimov.
7:38 of 3rd period - Stopped by Cory Schneider without a rebound.
7:39 of 3rd period - Rickard Rakell wins face-off versus Joe Thornton in Jets zone.
7:39 of 3rd period - Cam Atkinson is hit by Joe Thornton and loses puck.
7:40 of 3rd period - Minor Penalty to Pavel Datsyuk for Slashing.
7:41 of 3rd period - Joe Pavelski wins face-off versus Pierre-Edouard Bellemare in Panthers zone.
8:45 of 3rd period - Shot by Tobias Enstrom.
8:45 of 3rd period - Stopped by Marc-Andre Fleury without a rebound.
8:46 of 3rd period - Frans Nielsen wins face-off versus Pierre-Edouard Bellemare in Panthers zone.
9:48 of 3rd period - Joe Thornton is hit by Nick Holden and loses puck.
9:55 of 3rd period - Shot by Pavel Datsyuk.
9:55 of 3rd period - Shot Blocked by Hampus Lindholm.
10:14 of 3rd period - Icing by Brock Nelson.
10:15 of 3rd period - Rickard Rakell wins face-off versus Matt Duchene in Jets zone.
10:21 of 3rd period - Brock Nelson is hit by Matt Duchene and loses puck.
11:15 of 3rd period - Shot by Jamie Benn.
11:15 of 3rd period - Stopped by Marc-Andre Fleury without a rebound.
11:16 of 3rd period - Joe Thornton wins face-off versus Radek Faksa in Panthers zone.
11:22 of 3rd period - Minor Penalty to Joe Colborne for Hooking.
11:23 of 3rd period - Joe Thornton wins face-off versus Radek Faksa in Jets zone.
11:42 of 3rd period - Shot by Pavel Datsyuk.
11:42 of 3rd period - Stopped by Cory Schneider without a rebound.
11:43 of 3rd period - Radek Faksa wins face-off versus Joe Thornton in Jets zone.
11:53 of 3rd period - Icing by Joe Thornton.
11:54 of 3rd period - Joe Thornton wins face-off versus Radek Faksa in Panthers zone.
12:21 of 3rd period - Shot by Vladimir Tarasenko.
12:21 of 3rd period - Deflect By Pavel Datsyuk.
12:21 of 3rd period - Stopped by Cory Schneider without a rebound.
12:22 of 3rd period - Radek Faksa wins face-off versus Matt Duchene in Jets zone.
13:02 of 3rd period - Shot by Patrick Kane.
13:02 of 3rd period - Stopped by Cory Schneider without a rebound.
13:03 of 3rd period - Joe Thornton wins face-off versus Frans Nielsen in Jets zone.
13:06 of 3rd period - Shot by Joe Thornton.
13:06 of 3rd period - Stopped by Cory Schneider without a rebound.
13:07 of 3rd period - Frans Nielsen wins face-off versus Joe Thornton in Jets zone.
13:38 of 3rd period - Shot by Joe Pavelski.
13:38 of 3rd period - Deflect By Mike Cammalleri.
13:38 of 3rd period - Shot Misses the Net.
13:42 of 3rd period - Shot by Joe Pavelski.
13:42 of 3rd period - Stopped by Marc-Andre Fleury without a rebound.
13:43 of 3rd period - Rickard Rakell wins face-off versus Matt Duchene in Panthers zone.
14:19 of 3rd period - Shot by Nikolaj Ehlers.
14:19 of 3rd period - Stopped by Cory Schneider without a rebound.
14:20 of 3rd period - Joe Thornton wins face-off versus Mika Zibanejad in Jets zone.
14:34 of 3rd period - Shot by Mike Cammalleri.
14:34 of 3rd period - Shot Blocked by Justin Braun.
14:56 of 3rd period - Shot by Joe Pavelski.
14:56 of 3rd period - Shot Misses the Net.
14:58 of 3rd period - Shot by Mike Cammalleri.
14:58 of 3rd period - Stopped by Marc-Andre Fleury without a rebound.
14:59 of 3rd period - Frans Nielsen wins face-off versus Matt Duchene in Panthers zone.
15:55 of 3rd period - Shot by Brock Nelson.
15:55 of 3rd period - Stopped by Marc-Andre Fleury without a rebound.
15:56 of 3rd period - Joe Thornton wins face-off versus Mika Zibanejad in Panthers zone.
15:58 of 3rd period - Icing by Vladimir Tarasenko.
15:59 of 3rd period - Mika Zibanejad wins face-off versus Joe Thornton in Panthers zone.
15:59 of 3rd period - Ben Lovejoy is hit by Tyler Myers and loses puck.
16:05 of 3rd period - Off-side.
16:06 of 3rd period - Joe Pavelski wins face-off versus Joe Thornton in neutral zone.
16:11 of 3rd period - Shot by Mike Cammalleri.
16:11 of 3rd period - Shot Misses the Net.
16:14 of 3rd period - Icing by Pavel Datsyuk.
16:15 of 3rd period - Frans Nielsen wins face-off versus Joe Thornton in Panthers zone.
16:22 of 3rd period - Shot by Jamie Benn.
16:22 of 3rd period - Stopped by Marc-Andre Fleury without a rebound.
16:23 of 3rd period - Frans Nielsen wins face-off versus Joe Thornton in Panthers zone.
16:28 of 3rd period - Shot by Jamie Benn.
16:28 of 3rd period - Shot Blocked by Joe Thornton.
16:45 of 3rd period - Vladimir Tarasenko is hit by Radko Gudas and loses puck.
16:50 of 3rd period - Shot by Vladimir Tarasenko.
16:50 of 3rd period - Shot Misses the Net.
17:07 of 3rd period - Jaromir Jagr is hit by Joe Thornton and loses puck.
17:34 of 3rd period - Ben Lovejoy is hit by Patrick Kane and loses puck.
17:52 of 3rd period - Shot by Mike Cammalleri.
17:52 of 3rd period - Shot Blocked by Justin Braun.
17:58 of 3rd period - Shot by Joe Pavelski.
17:58 of 3rd period - Shot Blocked by Tyler Myers.
18:46 of 3rd period - Rickard Rakell is hit by Justin Braun and loses puck.
18:47 of 3rd period - Rickard Rakell from Jets is injured at 18:47 of 3rd period (Sports Hernia).
18:48 of 3rd period - Artem Anisimov wins face-off versus Radek Faksa in Panthers zone.
18:48 of 3rd period - Artem Anisimov is hit by Radek Faksa.
19:44 of 3rd period - Joe Thornton is hit by Radko Gudas and loses puck.
Goals for this period are 0 for Panthers vs 0 for Jets.
Shots for this period are 9 for Panthers vs 11 for Jets.